 Dungeon Crawl Stone Soup version 0.31.0-9-g3a7656b989 (webtiles) character file.

Game seed: 17940941186295732102

631 Couri the Sneak (level 7, 0/37 HPs)
             Began as a Vine Stalker Brigand on Feb 5, 2024.
             Slain by a hound (1 damage)
             ... on level 5 of the Dungeon.
             The game lasted 00:12:28 (3254 turns).

Couri the Sneak (Vine Stalker Brigand)              Turns: 3254, Time: 00:12:29

Health: 0/37       AC: 12    Str: 20    XL:     7   Next: 48%
Magic:  0/8        EV: 11    Int: 11    God:
Gold:   136        SH:  0    Dex: 17    Spells: 6/6 levels left

rFire   . . .        k - +6 rapier (speed)
rCold   . . .        (no shield)
rNeg    . . .        j - +3 leather armour
rPois   .            n - +2 hat
rElec   .            c - +1 cloak
rCorr   .            t - +0 pair of gloves
SInv    .            b - +0 pair of boots
Will    .....        B - amulet of the acrobat
Stlth   +++          f - ring of flight
HPRegen 1.06/turn    x - +6 ring of strength
MPRegen 0.11/turn

%: acrobat, guardian spirit
@: flying, hasted, very quick
A: fangs 2, regeneration 1, magic shield, antimagic bite, no potion heal 2
a: no special abilities


You were on level 5 of the Dungeon.
You visited 1 branch of the dungeon, and saw 5 of its levels.

You collected 136 gold pieces.

Inventory:

Hand Weapons
 a - a +2 dagger
 k - a +6 rapier of speed (weapon)
Missiles
 d - 14 poisoned darts (quivered)
 e - 3 curare-tipped darts
 m - 2 throwing nets
Armour
 b - a +0 pair of boots (worn)
 c - a +1 cloak (worn)
 j - a +3 leather armour (worn)
 n - a +2 hat (worn)
 t - a +0 pair of gloves (worn)
 u - a +0 ring mail
 y - a scarf of repulsion
Jewellery
 f - a ring of flight (left hand)
 x - a +6 ring of strength (right hand)
 B - an amulet of the acrobat (around neck)
Scrolls
 g - a scroll of amnesia
 h - a scroll of silence {unknown}
 i - a scroll of enchant armour
 o - a scroll of revelation {unknown}
 p - a scroll of fear
 r - a scroll of fog {unknown}
 v - a scroll of teleportation {unknown}
Potions
 q - a potion of heal wounds {unknown}
 s - 2 potions of curing
 w - a potion of brilliance {unknown}
 z - a potion of lignification
 A - a potion of magic {unknown}
 C - a potion of mutation


   Skills:
 + Level 3.8 Fighting
 * Level 5.3 Short Blades
 - Level 1.8 Throwing
 - Level 0.7 Dodging
 + Level 7.1 Stealth


You had 6 spell levels left.
You didn't know any spells.
Your spell library contained the following spells:

 Spells                   Type           Power      Damage    Failure   Level
 Freeze                   Ice            0%         1d3       38%         1
 Frozen Ramparts          Ice            0%         1d1       77%         3
 Hailstorm                Conj/Ice       0%         3d5       77%         3
 Animate Dead             Necr           0%         N/A       99%         4
 Borgnjor's Vile Clutch   Necr/Erth      0%         N/A       100%        5
 Death Channel            Necr           0%         N/A       100%        6


Dungeon Overview and Level Annotations

Branches:
Dungeon (5/15)
 Temple: D:4-7

Altars:

Shops:
D:4 (


Innate Abilities, Weirdness & Mutations

You have extremely sharp teeth.
Your natural rate of healing is unusually fast.
When hurt, damage is shared between your health and your magic reserves.
Your bite disrupts and absorbs the magic of your enemies.
Potions cannot restore your health.


Message History

You resist with significant effort.
An orc comes into view.
It is wielding a +1 flail of holy wrath.
The hound completely misses you.
The orc priest completely misses you. x2
The orc priest looks satisfied for a moment.
The orc priest mumbles some strange prayers to Beogh against you.
Beogh smites you! The hound completely misses you.
You hit the orc priest.
The orc priest is moderately wounded.
You hear the hiss of a very distant avalanche of sand.
The hound bites you. The orc priest barely misses you.
The orc priest misses you. The orc priest closely misses you.
You hit the orc priest.
The orc priest is severely wounded.
The hound closely misses you.
You closely miss the orc priest. You bite the orc priest. You drain its power.
You feel invigorated.
The orc priest is severely wounded.
The orc priest closely misses you.
The orc priest hits you with a +0 morningstar!
The orc priest barely misses you.
The orc priest hits you but does no damage.
You feel yourself speed up. The hound bites you. x2
The orc priest calls down the wrath of Beogh upon you.
Beogh smites you!
* * * LOW HITPOINT WARNING * * *
The orc priest calls down the wrath of Beogh upon you.
Beogh smites you!
* * * LOW HITPOINT WARNING * * *
The orc priest looks braver for a moment.
The orc priest barely misses you. The hound attacks as it pursues you!
The hound completely misses you.
You reach down and open the door.
A gnoll comes into view. It is wielding a +0 scythe.
The gnoll shouts!
The orc priest hits you but does no damage.
The orc priest looks satisfied for a moment.
The orc priest hits you with a +0 hand axe.
* * * LOW HITPOINT WARNING * * *
The hound bites you.
You die...

. ## ### .. #. ..# #..
...#.##.# ##### #.#
###....#.# #...#
#.###........####...##.#
#.....#####..##.ooY....##
........).......@ho......
#.......#.#.###'##o......
.....####.#.##.. ..#####
.............#.. ....
################ #####
...# .#.# .#.# .#.#


You could see an ice beast, a hound and 4 orc priests.

Vanquished Creatures
  Sigmund (D:2)
  A howler monkey (D:5)
  A bombardier beetle (D:5)
  A hound (D:4)
  2 sleepcaps
  Natasha (thrice) (D:3)
  An iguana (D:3)
  3 orc wizards
  Terence (D:2)
  An adder (D:5)
  2 ufetubi (D:5)
  4 dart slugs
  A ribbon worm (D:2)
  3 orcs (D:5)
  6 ball pythons
  5 bats
  6 endoplasms
  4 giant cockroaches
  3 goblins (D:3)
  10 hobgoblins
  4 jackals (D:3)
  5 quokkas
  4 frilled lizards
  4 kobolds
  6 rats
82 creatures vanquished.

Vanquished Creatures (others)
  An orc wizard (D:4)
1 creature vanquished.

Grand Total: 83 creatures vanquished

Notes
Turn   | Place    | Note
-------+----------+-------------------------------------------
     0 | D:1      | Couri the Vine Stalker Brigand began the quest for the Orb.
     0 | D:1      | Reached XP level 1. HP: 11/11 MP: 2/2
   284 | D:1      | Reached skill level 5 in Stealth
   284 | D:1      | Reached XP level 2. HP: 15/15 MP: 3/3
   777 | D:2      | Reached XP level 3. HP: 18/18 MP: 4/4
   852 | D:2      | Found a faded altar of an unknown god.
  1066 | D:2      | Noticed Terence
  1282 | D:2      | Noticed Sigmund
  1309 | D:2      | Killed Sigmund
  1310 | D:2      | Reached skill level 6 in Stealth
  1310 | D:2      | Reached XP level 4. HP: 16/24 MP: 3/5
  1310 | D:2      | Reached XP level 5. HP: 18/28 MP: 3/6
  1431 | D:2      | Killed Terence
  1432 | D:2      | Reached XP level 6. HP: 23/32 MP: 4/7
  1578 | D:3      | Noticed Natasha
  1588 | D:3      | Killed Natasha
  1798 | D:3      | Noticed Natasha
  1847 | D:3      | Killed Natasha
  2147 | D:3      | Noticed Natasha
  2164 | D:3      | Killed Natasha
  2587 | D:4      | Reached XP level 7. HP: 36/36 MP: 8/8
  2666 | D:4      | Reached skill level 5 in Short Blades
  2730 | D:4      | Found Fun Erchu's Weapon Shoppe.
  2928 | D:4      | Identified 2 scrolls of acquirement
  2928 | D:4      | Acquired a +6 rapier of speed
  2984 | D:4      | Acquired 807 gold pieces
  2986 | D:5      | Entered Level 5 of the Dungeon
  3030 | D:5      | Reached skill level 7 in Stealth
  3254 | D:5      | HP: 1/37 [orc priest/+0 hand axe (2)]
  3254 | D:5      | Slain by a hound

Illustrated notes

Levels and vault maps discovered:
D:1:      minmay_arrival_widening_spiral_narrow, layout_basic
D:2:      layout_basic, hellmonk_ecumenical_altar_heavens_door, uniq_sigmund,
          uniq_terence
D:3:      layout_basic, grunt_ministairs_3, minmay_misc_feat_encased,
          nicolae_houndstooth_variations, uniq_natasha
D:4:      layout_gridville, serial_shops, nicolae_stop_n_shop_2
D:5:      layout_basic, kennysheep_little_box, enter_ossuary_2, sigmund_army

Skill      XL: |  1  2  3  4  5  6  7 |
---------------+----------------------+-----
Short Blades   | 2 3 4 5 |  5.3
Fighting       | 2 3 |  3.8
Stealth        | 5 6 7 |  7.1
Throwing       | |  1.8
Dodging        | |  0.7

Action                     |  1- 3 |  4- 6 |  7- 9 || total
---------------------------+-------+-------+-------++-------
  Melee: Dagger            |    80 |   170 |    32 ||   282
         Bite              |    18 |    51 |    15 ||    84
         Punch             |     1 |     2 |       ||     3
         Rapier            |       |       |    32 ||    32
    Use: Scroll            |       |       |    10 ||    10
         Potion            |       |       |     1 ||     1
   Stab: Sleeping          |    10 |     8 |     1 ||    19
 Armour: Robe              |     8 |       |       ||     8
         Leather armour    |    19 |    87 |    52 ||   158
  Dodge: Dodged            |    30 |    83 |    37 ||   150
